 Dungeon Crawl Stone Soup version 0.19-a0-252-g247cc30 (webtiles) character file.

24220 Kenran the Grappler (level 12, -2/119 HPs)
             Began as a Troll Monk on May 25, 2016.
             Was the Champion of Cheibriados.
             Slain by a nine-headed hydra (7 damage)
             ... on level 2 of the Lair of Beasts.
             The game lasted 00:44:19 (13521 turns).

Kenran the Grappler (Troll Monk)                   Turns: 13521, Time: 00:44:20

Health: -2/119     AC:  6    Str: 37    XL:     12   Next: 78%
Magic:  16/16      EV: 21    Int: 21    God:    Cheibriados [******]
Gold:   1002       SH: 14    Dex: 31    Spells: 0 memorised, 11 levels left

rFire  . . .     SeeInvis .       - Unarmed
rCold  . . .     Gourm    +     a - +0 robe
rNeg   . . .     Faith    .     g - +0 shield
rPois  +         Spirit   .     (helmet restricted)
rElec  .         Dismiss  .     D - +0 cloak {+Inv}
rCorr  .         Reflect  .     (gloves unavailable)
SustAt .         Harm     .     (boots unavailable)
MR     .....                    (no amulet)
Stlth  +++.......               d - ring of poison resistance
                                G - +3 ring of evasion

@: very slow, not resistant to hostile enchantments, fairly stealthy
A: unfitting armour, claws 3, fast metabolism 3, gourmand, regeneration 2,
shaggy fur 1, tough skin 2
a: Bend Time, Temporal Distortion, Slouch, Step From Time, Renounce Religion,
Evoke Invisibility


You were on level 2 of the Lair of Beasts.
You worshipped Cheibriados.
Cheibriados was exalted by your worship.
You were completely stuffed.

You visited 4 branches of the dungeon, and saw 19 of its levels.
You also visited: Sewer and Bailey.

You collected 1188 gold pieces.
You spent 186 gold pieces at shops.

Inventory:

Missiles
 c - 11 large rocks (quivered)
Armour
 a - a +0 robe (worn)
 g - a +0 shield (worn)
 s - a cursed +0 large shield
 D - a +0 cloak of invisibility (worn)
Jewellery
 d - a ring of poison resistance (right claw)
 h - an uncursed ring of stealth
 m - an uncursed ring of fire
 n - an uncursed amulet of guardian spirit
 z - an uncursed ring of fire
 G - a +3 ring of evasion (left claw)
 I - a +2 ring of evasion
 L - a +1 ring of evasion
 N - an uncursed ring of fire
 S - the amulet of Scepticism {Gourm MR+, unknown}
   (You found it on level 2 of the Lair of Beasts)

   [amulet of the gourmand]

   It allows you to eat raw meat even when not hungry.
   It affects your resistance to hostile enchantments.
Wands
 x - a wand of disintegration (8/24)
 J - a wand of flame (31/48)
 M - a wand of acid (5/15)
 Q - a wand of slowing (33/48)
Scrolls
 e - a scroll of recharging
 i - a scroll of brand weapon {unknown}
 k - a scroll of immolation {unknown}
 o - 5 scrolls of identify
 y - 4 scrolls of remove curse
 B - 5 scrolls of teleportation
 C - a scroll of blinking
 K - a scroll of enchant armour {unknown}
Potions
 j - 8 potions of flight
 l - 6 potions of curing
 p - 3 potions of heal wounds
 q - 3 potions of cancellation
 t - 5 potions of brilliance
 w - 3 potions of lignification
 A - a potion of magic {unknown}
 H - 4 potions of resistance
 O - 2 potions of agility
 T - a potion of invisibility
Books
 u - a book of Clouds

   Spells                             Type                      Level
   a - Mephitic Cloud                 Conjuration/Poison/Air       3
   b - Conjure Flame                  Conjuration/Fire             3
   c - Poisonous Cloud                Conjuration/Poison/Air       6
   d - Freezing Cloud                 Conjuration/Ice/Air          6
   e - Ring of Flames                 Charms/Fire                  7
 P - a book of Burglary

   Spells                             Type                      Level
   a - Swiftness                      Charms/Air                   2
   b - Passwall                       Transmutation/Earth          2
   c - Passage of Golubria            Translocation                4
   d - Lee's Rapid Deconstruction     Earth                        5
   e - Darkness                       Hexes                        6
   f - Invisibility                   Hexes                        6
Comestibles
 b - 13 bread rations
 f - 6 slices of pizza
 r - 9 meat rations
 v - 25 fruits
 E - 6 royal jellies
 F - 3 beef jerkies
 R - a chunk of flesh


   Skills:
 - Level 8.0 Fighting
 - Level 8.1 Dodging
 - Level 1.1 Stealth
 + Level 6.6 Shields
 * Level 14.0 Unarmed Combat
 - Level 6.8 Invocations


You had 11 spell levels left.
You didn't know any spells.

Dungeon Overview and Level Annotations

Branches:
Dungeon (14/15)            Temple (1/1) D:4            Lair (2/8) D:9
    Orc (2/2) D:9
    Elf: Orc:2       Vaults: D:13-14

Altars:
Ashenzari
Cheibriados
Dithmenos
Elyvilon
Fedhas
Gozag
Hepliaklqana
Kikubaaqudgha
Makhleb
Nemelex Xobeh
Okawaru
Pakellas
Qazlal
Ru
Sif Muna
Trog
Ukayaw
Vehumet
Xom
Yredelemnul
Zin
The Shining One

Shops:
D:4 !   D:5 (   D:6 ?   D:8 :   D:9 (   D:10 *   D:11 *

Annotations:
Orc:2 Saint Roka


Innate Abilities, Weirdness & Mutations

You are too large for most types of armour.
You have claws for hands.
Your metabolism is lightning-fast.
You like to eat raw meat.
You heal very quickly.
You are covered in fur. (AC +1)
You have very tough skin. (AC +2)


Message History

The nine-headed hydra misses you. The nine-headed hydra bites you!
* * * LOW HITPOINT WARNING * * *
The nine-headed hydra closely misses you.
The nine-headed hydra bites you.
* * * LOW HITPOINT WARNING * * *
The nine-headed hydra completely misses you.
The nine-headed hydra closely misses you.
The nine-headed hydra barely misses you.
The nine-headed hydra bites you!
* * * LOW HITPOINT WARNING * * *
The basilisk closely misses you.
Throwing (i - inventory):
c - 12 large rocks (quivered)
Press: ? - help, Shift-Dir - straight line, f/p - nine-headed hydra
Aim: a nine-headed hydra (moderately wounded)
You throw a large rock.
The large rock completely misses the nine-headed hydra.
You block the nine-headed hydra's attack.
The nine-headed hydra bites you but does no damage.
The nine-headed hydra bites you!
You die...

...>..# #..# # . ...#.#
#..# ###. . #.#.# #..#
###.## #. #...#
#..####.#.## #.###.#.##
#.#.#......
###..#..#.P###....#..#.#
#.....#....)........####
..........##.####.#P# #
###(.D@.##### #..######
#..l..P# ##.P #P.
#.....P.# .....##.
##....!... ........
#.........# .....##.
.....#.....##....####
##...##...... ......
#(.. ..#... .###P #P


You could see a nine-headed hydra and a basilisk.

Vanquished Creatures
  Donald (Orc:1)
  2 hydras
  Urug (D:13)
  3 unseen horrors
  3 hill giants
  An orc knight (Orc:1)
  2 ugly things
  4 cyclopes
  A manticore (D:11)
  A centaur zombie (D:12)
  A black mamba (Lair:1)
  3 spiny frogs
  A merfolk (D:10)
  A two-headed ogre (D:8)
  A troll (D:11)
  Prince Ribbit (D:8)
  2 shadows
  A vampire (D:10)
  A spriggan (D:10)
  A wyvern (D:11)
  7 yaks
  A wraith (D:11)
  3 humans (D:10)
  A fire elemental (Lair:1)
  2 basilisks
  9 hippogriffs
  A soldier ant (D:12)
  A warg (Orc:1)
  3 water moccasins (Lair:1)
  A porcupine (Lair:1)
  5 ice beasts
  3 sky beasts
  12 orc warriors
  3 black bears
  3 centaurs
  6 ogres
  A crocodile (Lair:1)
  A big kobold (D:11)
  12 giant frogs
  A water moccasin skeleton (D:8)
  6 scorpions
  9 killer bees
  4 wights (D:8)
  7 crimson imps
  5 howler monkeys
  8 hounds
  A quasit (D:9)
  12 orc priests
  A giant frog skeleton (D:8)
  5 centaur skeletons
  8 iguanas
  11 worker ants
  13 orc wizards
  A siren (Sewer)
  A merfolk avatar (Sewer)
  A hound skeleton (D:4)
  2 worker ant zombies
  2 gnolls (Bailey)
  19 adders
  38 river rats
  2 shadow imps
  An adder skeleton (D:9)
  6 worms
  4 dart slugs
  7 giant geckos
  41 orcs
  6 ball pythons
  7 giant cockroaches
  6 goblins
  12 hobgoblins
  20 jackals
  15 kobolds
  4 quokkas
  9 bats
  13 giant newts
  28 rats
  2 fungi (D:9)
  A plant (Lair:2)
446 creatures vanquished.

Vanquished Creatures (others)
  A hound skeleton (D:10)
  An orc (D:10)
  A fungus (Lair:1)
3 creatures vanquished.

Grand Total: 449 creatures vanquished

Notes
Turn   | Place    | Note
--------------------------------------------------------------
     0 | D:1      | Kenran the Troll Monk began the quest for the Orb.
     0 | D:1      | Reached XP level 1. HP: 22/22 MP: 0/0
    62 | D:1      | Reached XP level 2. HP: 29/29 MP: 1/1
   534 | D:1      | Reached skill level 5 in Unarmed Combat
   621 | D:2      | Reached XP level 3. HP: 27/36 MP: 2/2
   758 | D:2      | Found a sparkling altar of Nemelex Xobeh.
  1501 | D:2      | Reached XP level 4. HP: 44/44 MP: 3/3
  1730 | D:3      | Noticed a giant frog
  1738 | D:3      | Killed a giant frog
  1738 | D:3      | Reached skill level 6 in Unarmed Combat
  1738 | D:3      | Reached XP level 5. HP: 25/50 MP: 4/4
  2394 | D:3      | Reached skill level 7 in Unarmed Combat
  2708 | D:4      | Reached XP level 6. HP: 60/61 MP: 5/5
  2911 | D:4      | Found Tytsoick's Distillery.
  3034 | D:4      | Found a staircase to the Ecumenical Temple.
  3043 | Temple   | Entered the Ecumenical Temple
  3360 | D:4      | Bought a potion of curing for 39 gold pieces
  3810 | D:5      | Entered Level 5 of the Dungeon
  3815 | D:5      | Reached XP level 7. HP: 70/71 MP: 6/6
  3833 | D:5      | Found Buwim's Antique Weapon Boutique.
  3977 | D:5      | Reached skill level 5 in Fighting
  4574 | D:6      | Reached skill level 8 in Unarmed Combat
  4794 | D:6      | Found Juaxug's Magic Scroll Shoppe.
  4814 | D:6      | Bought a scroll of teleportation for 42 gold pieces
  4814 | D:6      | Bought a scroll of blinking for 105 gold pieces
  4906 | D:6      | Found a glowing drain.
  4919 | Sewer    | Entered a sewer
  5272 | Sewer    | Reached XP level 8. HP: 80/80 MP: 7/7
  5540 | D:6      | Reached skill level 9 in Unarmed Combat
  5631 | D:6      | Found a stormy altar of Qazlal.
  5632 | D:6      | Found a bloodstained altar of Trog.
  5632 | D:6      | Found a shimmering altar of Xom.
  5632 | D:6      | Found a glowing golden altar of the Shining One.
  5632 | D:6      | Found a deep blue altar of Sif Muna.
  5633 | D:6      | Found a hazy altar of Hepliaklqana.
  5638 | D:6      | Found an oddly glowing altar of Pakellas.
  5639 | D:6      | Found a snail-covered altar of Cheibriados.
  5640 | D:6      | Found a glowing silver altar of Zin.
  5652 | D:6      | Became a worshipper of Cheibriados the Contemplative
  5652 | D:6      | Reached * piety under Cheibriados
  5652 | D:6      | Reached ** piety under Cheibriados
  6245 | D:7      | Found a snail-covered altar of Cheibriados.
  6308 | D:7      | Reached skill level 10 in Unarmed Combat
  6409 | D:7      | Identified a scroll of acquirement
  6463 | D:8      | Noticed Prince Ribbit
  6477 | D:8      | Killed Prince Ribbit
  6484 | D:8      | Reached XP level 9. HP: 51/92 MP: 4/8
  6524 | D:8      | Reached *** piety under Cheibriados
  6741 | D:8      | Found Ute Wiov's Book Emporium.
  6821 | D:8      | Found a hide-covered altar to Ukayaw.
  7000 | D:8      | Reached **** piety under Cheibriados
  7130 | D:9      | Found a staircase to the Lair.
  7449 | D:9      | Reached skill level 5 in Dodging
  7452 | D:9      | Found a staircase to the Orcish Mines.
  7467 | D:8      | HP: 2/96 [orc warrior/long sword (6)]
  7471 | D:8      | Reached XP level 10. HP: 17/104 MP: 1/9
  7784 | D:9      | Found Buhin's Weapon Emporium.
  8004 | D:9      | Reached skill level 1 in Invocations
  8062 | D:9      | Reached ***** piety under Cheibriados
  8091 | D:10     | Entered Level 10 of the Dungeon
  8242 | D:10     | Found an iron altar of Okawaru.
  8290 | D:10     | Found Naoreupemp's Assorted Antiques.
  9023 | Orc:1    | Entered Level 1 of the Orcish Mines
  9139 | Orc:2    | Entered Level 2 of the Orcish Mines
  9139 | Orc:2    | Noticed Donald
  9143 | Orc:2    | Noticed an orc knight
  9160 | Orc:1    | Killed Donald
  9160 | Orc:1    | Reached XP level 11. HP: 40/111 MP: 11/13
  9326 | Orc:1    | Reached skill level 1 in Shields
  9387 | Orc:1    | Killed an orc knight
  9761 | Orc:2    | Reached skill level 5 in Invocations
  9767 | Orc:2    | Noticed Saint Roka
  9836 | Lair:1   | Entered Level 1 of the Lair of Beasts
  9836 | Lair:1   | Noticed a six-headed hydra
 10005 | D:11     | Killed an unseen horror
 10126 | D:11     | Noticed a hill giant
 10159 | D:11     | Killed a hill giant
 10228 | D:11     | Killed an unseen horror
 10249 | D:11     | Found an opulent altar of Gozag.
 10254 | D:11     | Found Gozag's Platinum Reserve.
 10608 | D:11     | Reached skill level 5 in Shields
 10738 | D:11     | Noticed a five-headed hydra
 10745 | D:11     | Killed a six-headed hydra
 11144 | D:12     | Found a flagged portal.
 11187 | D:12     | Reached skill level 11 in Unarmed Combat
 11262 | Bailey   | Entered a bailey
 11267 | Bailey   | Noticed an orc warlord
 11286 | Bailey   | Reached ****** piety under Cheibriados
 11357 | Bailey   | Found a runed gate.
 11361 | Bailey   | Found a runed gate.
 11363 | Bailey   | Found a runed gate.
 11459 | D:12     | Noticed a white ugly thing
 11479 | D:12     | Killed a white ugly thing
 11479 | D:12     | Reached XP level 12. HP: 89/119 MP: 16/16
 11563 | D:12     | Reached skill level 12 in Unarmed Combat
 11819 | D:12     | You fall through a shaft for 2 floors!
 12156 | D:13     | Noticed Urug
 12173 | D:13     | Killed Urug
 12173 | D:13     | Reached skill level 13 in Unarmed Combat
 12385 | Lair:1   | Killed a six-headed hydra
 13415 | Lair:2   | Reached skill level 14 in Unarmed Combat
 13495 | Lair:2   | Got a crude ruby amulet
 13515 | Lair:2   | Noticed an eight-headed hydra
 13520 | Lair:2   | HP: 3/119 [nine-headed hydra (10)]
 13521 | Lair:2   | Slain by a nine-headed hydra

Vault maps used:
D:1:      dpeg_arrival_fog
D:2:      nemelex_lonely_heart_becter
D:3:      dk_vineyard_1
D:4:      minmay_temple_entry_mist, serial_shops, shop
D:5:      first_bread, serial_shops, shop, guppyfry_early_lair_pool
D:6:      minitemple, serial_shops, nicolae_shop_stone, gup_sewer_entry_bubbles
D:7:      basic_altar
D:8:      lemuel_crystal_altar, serial_shops, shop, uniq_prince_ribbit1
D:9:      dpeg_oklobed_lair, david_orc_2, serial_shops, shop
D:10:     serial_shops, shop, hangedman_stone_soup, okawaru_humans
D:11:     lab_entry_generic, nicolae_gozag_zags_fifth_avenue
D:12:     enter_bailey_2
D:13:     lightli_vaults_fourway_checkpoint, uniq_josephine, uniq_urug
D:14:     grunt_dithmenos_smoke, serial_co_window_serial, co_window_paths_b,
          co_window_paths_a, co_window_corner_a, co_window_corner_a,
          co_window_paths_a, co_window_broadway_b, co_window_broadway_b,
          co_window_paths_c, glass_columns_c, glass_columns_b, glass_columns_a,
          glass_columns_a, grunt_pakellas_basics, uniq_rupert
Temple:   eino_temple_water_12
Lair:1:   grunt_megastairs_3
Orc:2:    grunt_orc_tribal_feast, nicolae_orc_pool_cavern, lightli_orcish_oven,
          uniq_saint_roka, uniq_donald
Sewer:    sewer_sea
Bailey:   bailey_axe_bossmonster_kennysheep, bailey

Skill      XL: |  1  2  3  4  5  6  7  8  9 10 11 12 |
---------------+-------------------------------------+-----
Unarmed Combat | 5 6 7 8 10 11 14 | 14.0
Fighting       | 3 4 5 6 8 |  8.0
Dodging        | 5 8 |  8.1
Invocations    | 4 6 |  6.8
Shields        | 6 |  6.6
Stealth        | |  1.1

Action                   |  1- 3 |  4- 6 |  7- 9 | 10-12 || total
-------------------------+-------+-------+-------+-------++-------
Melee: Unarmed           |   102 |   115 |   356 |   652 ||  1225
       Punch             |     1 |     2 |    17 |    10 ||    30
Throw: Large rock        |       |       |       |    12 ||    12
Invok: Slouch            |       |       |       |     3 ||     3
       Bend Time         |       |       |       |     1 ||     1
  Use: Scroll            |       |     7 |     4 |    13 ||    24
       Potion            |       |       |     2 |     7 ||     9
 Stab: Sleeping          |     5 |     2 |     4 |     8 ||    19
       Distracted        |       |       |     1 |     4 ||     5
  Eat: Chunk             |    19 |    21 |    27 |    41 ||   108
Armor: Robe              |    31 |    35 |    81 |   102 ||   249
Dodge: Dodged            |    62 |    57 |   168 |   454 ||   741
Block: Shield            |       |       |       |   338 ||   338
